 Dungeon Crawl Stone Soup version 0.30.0-10-gfe55d96785 (webtiles) character file.

Game seed: 7682051728794257304

2043 avis the Transmogrifier (level 9, -2/65 HPs)
             Began as a Merfolk Transmuter on May 13, 2023.
             Was a Follower of Uskayaw.
             Slain by an orc warrior
             ... wielding a +0 hand axe
              (12 damage)
             ... on level 8 of the Dungeon on May 14, 2023.
             The game lasted 00:53:33 (8215 turns).

avis the Transmogrifier (Merfolk Transmuter)        Turns: 8215, Time: 00:53:35

Health: -2/65      AC:  4    Str: 12    XL:     9   Next: 24%
Magic:  9/16       EV: 14    Int: 13    God:    Uskayaw [*.....]
Gold:   284        SH:  0    Dex: 16    Spells: 3/18 levels left

rFire   . . .        a - melded +1 short sword (speed)
rCold   . . .        (shield currently unavailable)
rNeg    . . .        k - +0 robe
rPois   .            E - +0 helmet
rElec   .            (no cloak)
rCorr   .            y - melded +0 pair of gloves
SInv    .            h - +0 pair of boots
Will    .....        (no amulet)
Stlth   +++          (no ring)
HPRegen 0.30/turn    (no ring)
MPRegen 0.15/turn

%: no passive effects
@: blade hands (expiring), slowed, very slow
A: (nimble swimmer 2), mertail
a: End Transformation, Renounce Religion, Stomp


You were on level 8 of the Dungeon.
You worshipped Uskayaw.
Uskayaw was noncommittal.
You had blades for hands.
You visited 2 branches of the dungeon, and saw 9 of its levels.

You collected 284 gold pieces.

Inventory:

Hand Weapons
 a - a +1 short sword of speed (melded)
 b - a +0 sling
Missiles
 c - 6 boomerangs
Armour
 h - a +0 pair of boots (worn)
 k - a +0 robe (worn)
 y - a +0 pair of gloves (melded)
 E - a +0 helmet (worn)
Wands
 D - a wand of roots (8)
Scrolls
 d - 3 scrolls of vulnerability {unknown}
 e - a scroll of fog {unknown}
 i - 2 scrolls of torment {unknown}
 j - 7 scrolls of teleportation
 l - 2 scrolls of magic mapping {unknown}
 o - a scroll of noise {unknown}
 p - a scroll of enchant weapon {unknown}
 q - a scroll of amnesia {unknown}
 v - 2 scrolls of fear {unknown}
 w - a scroll of immolation {unknown}
 x - a scroll of poison {unknown}
 B - a scroll of blinking {unknown}
Potions
 f - a potion of haste {unknown}
 g - 3 potions of might
 m - a potion of invisibility
 n - a potion of attraction {unknown}
 r - 9 potions of curing
 s - 2 potions of degeneration {unknown}
 t - 3 potions of flight
 u - 2 potions of resistance
 z - 2 potions of cancellation {unknown}
 A - a potion of lignification


   Skills:
 * Level 4.2 Fighting
 * Level 4.3 Dodging
 * Level 4.2 Stealth
 - Level 5.0 Unarmed Combat
 - Level 5.0 Spellcasting
 - Level 8.0 Transmutations
 - Level 4.0 Ice Magic
 - Level 1.0 Poison Magic
 * Level 4.2 Invocations


You had 3 spell levels left.
You knew the following spells:

 Your Spells              Type           Power      Damage    Failure   Level
a - Beastly Appendage     Tmut           48%        N/A       13%         1
e - Wereblood             Tmut           24%        N/A       16%         2
p - Spider Form           Tmut/Pois      14%        N/A       43%         3
q - Ice Form              Ice/Tmut       18%        N/A       56%         4
B - Blade Hands           Tmut           12%        N/A       61%         5

Your spell library contained the following spells:

 Spells                   Type           Power      Damage    Failure   Level
 Passwall                 Tmut/Erth      10%        N/A       34%         2
 Ensorcelled Hibernation  Hex/Ice        16%        N/A       50%         2
 Lesser Beckoning         Tloc           6%         N/A       71%         2
 Gell's Gravitas          Tloc           3%         N/A       87%         3
 Portal Projectile        Hex/Tloc       6%         N/A       87%         3
 Swiftness                Air            3%         N/A       87%         3
 Teleport Other           Tloc           3%         N/A       87%         3
 Tukima's Dance           Hex            3%         N/A       87%         3
 Animate Dead             Necr           3%         N/A       99%         4
 Borgnjor's Vile Clutch   Necr/Erth      1%         N/A       100%        5
 Summon Forest            Summ/Tloc      1%         N/A       100%        5
 Summon Mana Viper        Hex/Summ       3%         N/A       100%        5
 Death Channel            Necr           1%         N/A       100%        6
 Summon Cactus Giant      Summ           1%         N/A       100%        6


Dungeon Overview and Level Annotations

Branches:
Dungeon (8/15)             Temple (1/1) D:6
   Lair: D:8-11

Altars:
Ashenzari
Dithmenos
Elyvilon
Fedhas
Gozag
Hepliaklqana
Kikubaaqudgha
Makhleb
Nemelex Xobeh
Okawaru
Qazlal
Ru
Sif Muna
Trog
Uskayaw
Vehumet
Wu Jian
Xom
Yredelemnul
Zin
The Shining One

Shops:
D:7 (

Annotations:
D:5 3 runed translucent doors, hawla's ghost, amateur MeFE
D:8 3 runed translucent doors, Juicyj's ghost, novice MiFi


Innate Abilities, Weirdness & Mutations

You have blades for hands.
Your spellcasting is less reliable in this form.
You are incapable of wielding weapons or throwing items.
((You are very nimble when in or above water. (Stealth+, EV+, Speed+++)))
Your lower body shifts to a powerful aquatic tail in water.


Message History

You hear some strange, mumbled words.
A puff of flame appears from out of thin air!
The puff of flame hits you!
You can now pass through a line of other dancers.
You hear some strange, mumbled words.
You are confused.
Items here: $ ) [ †.
You closely miss something. Something hits you but does no damage.
The orc warrior hits you with a +0 hand axe.
The orc throws a boomerang.
The boomerang misses you.
You miss something. Something hits you but does no damage.
The orc throws a boomerang.
You bump into the rock wall.
Something hits you but does no damage. The orc warrior completely misses you.
The orc closely misses you. x2
You miss something.
The hornet buzzes angrily.
The orc barely misses you. The orc warrior closely misses you.
The orc attacks as you move away! The orc hits you but does no damage.
Found a stone staircase leading down.
The orc hits you with a +0 trident.
The orc warrior hits you with a +0 hand axe.
You can no longer pass through a line of other dancers.
You barely miss the orc. The orc misses you. The orc completely misses you.
The orc warrior closely misses you.
You closely miss the orc.
Your transformation is almost over.
The orc barely misses you. The hornet misses you.
You're too confused to move!
You feel less confused. The orc hits you with a +0 club.
The orc warrior hits you with a +0 hand axe!
The orc closely misses you. The hornet stings you.
You feel yourself slow down. Something hits you but does no damage.
You hit the hornet.
The hornet is lightly wounded.
The hornet stings you!
* * * LOW HITPOINT WARNING * * *
You feel as though you will be slow longer.
The orc closely misses you.
The orc warrior hits you with a +0 hand axe!
You die...

########>...
#..........
#.........#
#.........#
#.........#
#.........#
#......yo.# ###
#......@{o# ....
#......oo.##....
##.#####)##PP.P~
#)#.~.~~ #.#P~♣
#..P~♣ #.P~♣♣
#..~P♣
~~~~~f..###'P~P♣
♣


You could see a hornet, an orc warrior and 3 orcs.

Vanquished Creatures
  A wyvern (D:8)
  A vampire (D:7)
  An acid dragon (D:8)
  A water moccasin (D:7)
  Duvessa (D:7)
  2 ice beasts
  2 black bears (D:5)
  A phantom (D:7)
  A gnoll sergeant (D:6)
  A bullfrog (D:8)
  2 scorpions
  Dowan (D:7)
  3 jellies
  5 hounds
  An orc priest (D:3)
  3 iguanas
  2 sleepcaps
  2 orc wizards (D:8)
  3 gnolls
  8 adders
  A shadow imp (D:6)
  2 white imps
  2 worms
  4 dart slugs
  17 orcs
  8 ball pythons
  7 bats
  5 endoplasms
  3 giant cockroaches
  9 goblins
  9 hobgoblins
  5 jackals
  6 quokkas
  4 frilled lizards
  5 kobolds
  4 rats
133 creatures vanquished.

Notes
Turn   | Place    | Note
-------+----------+-------------------------------------------
     0 | D:1      | avis the Merfolk Transmuter began the quest for the Orb.
     0 | D:1      | Reached XP level 1. HP: 15/15 MP: 3/3
   208 | D:1      | Reached XP level 2. HP: 17/22 MP: 5/5
   620 | D:1      | Reached XP level 3. HP: 25/27 MP: 4/6
   623 | D:1      | Learned a level 2 spell: Wereblood
   627 | D:1      | Learned a level 3 spell: Spider Form
   661 | D:1      | Reached skill level 3 in Transmutations
   817 | D:1      | Reached skill level 1 in Poison Magic
  1600 | D:2      | Found a sparkling altar of Nemelex Xobeh.
  1614 | D:2      | Found a faded altar of an unknown god.
  1644 | D:2      | Reached XP level 4. HP: 33/33 MP: 5/7
  1694 | D:2      | Reached skill level 4 in Transmutations
  2362 | D:3      | Reached XP level 5. HP: 40/41 MP: 4/8
  4318 | D:5      | Entered Level 5 of the Dungeon
  4318 | D:5      | Noticed a black bear
  4472 | D:4      | Reached skill level 1 in Stealth
  4472 | D:4      | Reached XP level 6. HP: 48/48 MP: 5/9
  4594 | D:5      | Reached skill level 5 in Unarmed Combat
  4644 | D:5      | Found a runed translucent gate.
  4645 | D:5      | Found a runed translucent gate.
  4655 | D:5      | Found a runed translucent gate.
  4833 | D:5      | Killed a black bear
  4933 | D:5      | Noticed hawla's ghost (amateur MeFE)
  5022 | D:5      | Noticed a black bear
  5037 | D:5      | Killed a black bear
  5038 | D:5      | Reached XP level 7. HP: 49/54 MP: 8/12
  5077 | D:5      | Learned a level 4 spell: Ice Form
  5194 | D:5      | Reached skill level 5 in Transmutations
  5289 | D:5      | Reached skill level 6 in Transmutations
  5636 | D:6      | Found a staircase to the Ecumenical Temple.
  5666 | D:6      | Reached XP level 8. HP: 21/60 MP: 11/15
  5816 | Temple   | Entered the Ecumenical Temple
  5885 | Temple   | Became a worshipper of Uskayaw the Reveller
  5906 | Temple   | Learned a level 5 spell: Blade Hands
  5924 | D:6      | Reached * piety under Uskayaw
  6061 | D:6      | Reached skill level 5 in Spellcasting
  6085 | D:6      | Reached skill level 1 in Ice Magic
  6389 | D:6      | Reached ** piety under Uskayaw
  6396 | D:6      | Reached *** piety under Uskayaw
  6824 | D:7      | HP: 2/60 [water moccasin (9)]
  6829 | D:7      | Reached skill level 7 in Transmutations
  7180 | D:7      | Noticed a vampire
  7186 | D:7      | Killed a vampire
  7309 | D:7      | Found Ojesm's Weapon Shop.
  7338 | D:7      | Noticed Duvessa
  7344 | D:7      | Killed Duvessa
  7345 | D:7      | Reached skill level 8 in Transmutations
  7345 | D:7      | Reached skill level 1 in Invocations
  7345 | D:7      | Noticed Dowan
  7355 | D:7      | Killed Dowan
  7679 | D:7      | Reached XP level 9. HP: 60/65 MP: 11/16
  8023 | D:8      | Found a runed translucent gate.
  8024 | D:8      | Found a runed translucent gate.
  8025 | D:8      | Found a runed translucent gate.
  8026 | D:8      | Noticed Juicyj's ghost (novice MiFi)
  8189 | D:8      | Noticed a hornet
  8215 | D:8      | Slain by an orc warrior

Illustrated notes

Levels and vault maps discovered:
D:1:      kennysheep_arrival_seaside, layout_basic,
          corexii_item_surrounded_by_moat, minmay_misc_feat_diagonals,
          minivault_25
D:2:      cheibrodos_old_hovel, layout_rooms, basic_altar,
          basic_ecumenical_altar
D:3:      layout_basic, hangedman_abyss_or_decor_stabs,
          kennysheep_generic_room_13
D:4:      layout_gridville, nicolae_underground_beach
D:5:      layout_basic, gammafunk_ghost_split
D:6:      layout_rooms, minmay_temple_entry_mini_moons,
          kennysheep_decorative_pillar
D:7:      layout_basic, serial_shops, shop, uniq_duvessa
D:8:      layout_basic, serial_bayou, serial_bayou_pond_c, serial_bayou_shore_b,
          serial_bayou_shore_a, serial_bayou_ford_a, biasface_ghost_orc_armoury
Temple:   grunt_wide_crystal_templ

Skill      XL: |  1  2  3  4  5  6  7  8  9 |
---------------+----------------------------+-----
Fighting       | 2 3 4 |  4.2
Unarmed Combat | 4 5 |  5.0
Dodging        | 3 4 |  4.3
Transmutations | 3 4 6 8 |  8.0
Poison Magic   | 1 |  1.0
Stealth        | 1 2 3 4 |  4.2
Spellcasting   | 3 4 5 |  5.0
Ice Magic      | 4 |  4.0
Invocations    | 2 4 |  4.2

Action                     |  1- 3 |  4- 6 |  7- 9 || total
---------------------------+-------+-------+-------++-------
  Melee: Unarmed           |    54 |    75 |   149 ||   278
         Headbutt          |    17 |    19 |       ||    36
         Punch             |     1 |     2 |     2 ||     5
         Short sword       |    84 |    94 |     6 ||   184
   Cast: Beastly Appendage |    30 |    21 |     1 ||    52
         Spider Form       |     1 |    23 |    18 ||    42
         Wereblood         |       |     1 |       ||     1
         Blade Hands       |       |       |    11 ||    11
         Ice Form          |       |       |     3 ||     3
Ability: End Transformatio |     1 |       |       ||     1
    Use: Scroll            |       |     5 |     2 ||     7
         Potion            |       |     1 |     3 ||     4
   Stab: Sleeping          |     5 |     1 |     5 ||    11
 Armour: Robe              |    24 |    10 |     9 ||    43
         Skin              |       |     6 |     4 ||    10
  Dodge: Dodged            |    72 |   112 |   107 ||   291
